 Dungeon Crawl Stone Soup version 0.30.0-21-gd299b56b3f (webtiles) character file.

Game seed: 976170614917517640

1023 qw the Chopper (level 8, -4/49 HPs)
             Began as a Gargoyle Fighter on June 2, 2023.
             Slain by a gnoll sergeant
             ... wielding a +2 spear of distortion
              (15 damage)
             ... on level 5 of the Dungeon.
             The game lasted 00:02:41 (4403 turns).

qw the Chopper (Gargoyle Fighter)                   Turns: 4403, Time: 00:02:42

Health: -4/49      AC: 19    Str: 32    XL:     8   Next: 22%
Magic:  8/8        EV:  9    Int:  8    God:
Gold:   173        SH:  4    Dex:  9    Spells: 7/7 levels left

rFire   . . .        Y - +2 war axe (freeze)
rCold   . . .        c - +0 buckler
rNeg    + . .        n - +5 chain mail "Ypustriv" {Str+3 Stlth+}
rPois   inf          (no helmet)
rElec   +            (no cloak)
rCorr   .            (no gloves)
SInv    .            (no boots)
Will    .....        (no amulet) Stlth
                     o - +6 ring of strength
HPRegen 0.28/turn    (no ring)
MPRegen 0.11/turn

%: no passive effects
@: no status effects
A: sickness immunity, AC +5, negative energy resistance 1, electricity
resistance, torment resistance 1, petrification resistance
a: no special abilities


You were on level 5 of the Dungeon.
You visited 2 branches of the dungeon, and saw 6 of its levels.

You collected 173 gold pieces.


Innate Abilities, Weirdness & Mutations

You are immune to sickness and miasma.
Your stone body is resilient. (AC +5)
You are immune to poison.
You resist negative energy. (rN+)
You are resistant to electric shocks. (rElec)
You are resistant to unholy torment.
You are immune to petrification.


   Skills:
 - Level 5.2 Fighting
 + Level 7.7 Axes
 - Level 3.2 Armour
 - Level 1.7 Dodging
 - Level 3.2 Shields


You had 7 spell levels left.
You didn't know any spells.
Your spell library was empty.

Inventory:

Hand Weapons
 p - a +0 morningstar
 Y - a +2 war axe of freezing (weapon)
Armour
 c - a +0 buckler (worn)
 n - the +5 chain mail "Ypustriv" (worn) {Str+3 Stlth+}
   (You found it on level 4 of the Dungeon)

   Str:       It affects your strength (+3).
   Stlth:     It makes you more stealthy.
Jewellery
 a - a ring of protection from fire
 o - a +6 ring of strength (left hand)
Scrolls
 f - 2 scrolls of identify
Potions
 b - a potion of haste {unknown}
 d - 3 potions of might
 e - a potion of attraction {unknown}
 h - a potion of lignification {unknown}
 i - a potion of ambrosia {unknown}
 m - a potion of invisibility {unknown}

Dungeon Overview and Level Annotations

Branches:
Dungeon (5/15)             Temple (1/1) D:4

Altars:
Ashenzari
Cheibriados
Elyvilon
Fedhas
Gozag
Hepliaklqana
Kikubaaqudgha
Makhleb
Okawaru
Qazlal
Ru
Trog
Uskayaw
Vehumet
Wu Jian
Yredelemnul
Zin

Shops:
D:2 :

Annotations:
D:5 1 runed translucent door, qw's ghost, novice GrFi


Message History

The gnoll shouts!
The gnoll sergeant hits you from afar with a +2 spear of distortion.
Space warps horribly around you!
Enter note:
Enter note:
Enter note:
Enter note: You hit the gnoll.
You freeze the gnoll.
The gnoll is heavily wounded.
You closely miss the gnoll. The gnoll hits you but does no damage.
The gnoll sergeant hits you from afar with a +2 spear of distortion.
Space warps around you. You block the gnoll's attack.
4400 ||| DRINKING potion of heal wounds.
You feel much better. The gnoll hits you but does no damage.
You block the gnoll sergeant's attack. The gnoll completely misses you.
You barely miss the gnoll.
The gnoll is heavily wounded.
You barely miss the gnoll. You hit the gnoll but do no damage.
The gnoll barely misses you. The gnoll sergeant closely misses you.
The gnoll misses you. The gnoll closely misses you.
The gnoll hits you but does no damage. The gnoll misses you.
The gnoll sergeant hits you but does no damage.
Space warps horribly around you! The gnoll hits you but does no damage.
You hit the gnoll. You freeze the gnoll.
The gnoll is almost dead.
You hit the gnoll. You freeze the gnoll. You closely miss the gnoll.
The gnoll hits you but does no damage.
The gnoll sergeant hits you from afar with a +2 spear of distortion.
Space warps around you. The gnoll hits you with a +0 flail.
You block the gnoll's attack.
You slash the gnoll! You freeze the gnoll.
You kill the gnoll!
You hit the gnoll but do no damage. You hit the gnoll. You freeze the gnoll.
You hit the gnoll. You freeze the gnoll.
The gnoll hits you but does no damage. x2; The gnoll hits you with a +0 whip!
The gnoll sergeant hits you but does no damage.
Space warps horribly around you!
You die...

#. ##'## ##...## #
##.....##
##.##.......##
..#.........####...
..'.........'...g..
#...<.g)..####...
#....@gg##
##...g.## ##)))##
##'## #.#
#.#########
#######..........
#...)#)..########
#...))...<#


You could see a gnoll sergeant and 3 gnolls.

Vanquished Creatures
  Menkaure (D:4)
  An orc warrior (D:5)
  An ogre (D:5)
  A phantom (D:4)
  A scorpion (D:5)
  A jelly (D:5)
  An orc priest (D:5)
  2 hounds (D:5)
  A gnoll bouda (D:5)
  A sleepcap (D:4)
  Jessica (D:3)
  2 iguanas
  2 orc wizards (D:5)
  11 gnolls (D:5)
  6 adders
  A white imp (D:5)
  An ufetubus (D:5)
  A worm (D:2)
  2 dart slugs
  12 orcs
  4 bats
  8 endoplasms
  4 giant cockroaches
  10 hobgoblins
  4 jackals
  4 quokkas
  6 ball pythons
  8 frilled lizards
  11 goblins
  10 kobolds
  11 rats
130 creatures vanquished.

Notes
Turn   | Place    | Note
-------+----------+-------------------------------------------
     0 | D:1      | qw the Gargoyle Fighter began the quest for the Orb.
     0 | D:1      | Reached XP level 1. HP: 14/14 MP: 1/1
     0 | D:1      | 0 ||| qw: Version: 0.2-a-102-gdf20003
     0 | D:1      | 0 ||| qw: Game counter: 874
     0 | D:1      | 0 ||| qw: Always use a shield: true
     0 | D:1      | 0 ||| qw: God list: Okawaru
     0 | D:1      | 0 ||| qw: Allow faded altars: false
     0 | D:1      | 0 ||| qw: Do Orc after D:15 true
     0 | D:1      | 0 ||| qw: Do second Lair branch before Depths: true
     0 | D:1      | 0 ||| qw: Lair rune preference: random
     0 | D:1      | 0 ||| qw: Plans: Normal, Zot:1-4, Slime:5, God:TSO, Crypt,
                  | Tomb, Pan, Hells, Abyss, Win
     0 | D:1      | 0 ||| PLANNING D:1-11
    58 | D:1      | Reached skill level 2 in Axes
   168 | D:1      | Reached XP level 2. HP: 19/19 MP: 2/2
   359 | D:1      | 359 ||| DROPPING +0 club.
   436 | D:1      | Reached skill level 3 in Axes
   449 | D:1      | Reached XP level 3. HP: 22/23 MP: 3/3
   465 | D:1      | 465 ||| Stepping ~*~*~tactically~*~*~ (stealth).
   641 | D:1      | 641 ||| Stepping ~*~*~tactically~*~*~ (stealth).
   642 | D:1      | 642 ||| Stepping ~*~*~tactically~*~*~ (stealth).
   648 | D:1      | 648 ||| Stepping ~*~*~tactically~*~*~ (stealth).
   784 | D:1      | 784 ||| UPGRADING to +0 chain mail.
   794 | D:1      | 794 ||| DROPPING +0 scale mail.
   795 | D:1      | 795 ||| READING scroll labelled VUKUEN MUHA.
   796 | D:1      | 796 ||| READING scroll labelled LUSUCI XIAS.
   797 | D:1      | 797 ||| READING scroll labelled HIOKOLL VEUSK.
   800 | D:1      | 800 ||| DRINKING 2 ruby potions.
   801 | D:1      | 801 ||| DROPPING potion of flight.
   985 | D:2      | Reached XP level 4. HP: 28/28 MP: 4/4
  1017 | D:2      | 1017 ||| Stepping ~*~*~tactically~*~*~ (hiding).
  1136 | D:2      | Found Qurph's Book Emporium.
  1162 | D:2      | 1162 ||| Stepping ~*~*~tactically~*~*~ (stealth).
  1163 | D:2      | 1163 ||| Stepping ~*~*~tactically~*~*~ (stealth).
  1165 | D:2      | 1165 ||| Stepping ~*~*~tactically~*~*~ (stealth).
  1178 | D:2      | Reached skill level 4 in Axes
  1632 | D:2      | 1632 ||| READING scroll labelled ZAKATA YNIZ.
  1633 | D:2      | 1633 ||| READING 2 scrolls labelled TUPPOVVECWU.
  1634 | D:2      | 1634 ||| READING scroll of brand weapon.
  1634 | D:2      | 1634 ||| BRANDING +0 war axe of freezing.
  1635 | D:2      | 1635 ||| READING 2 scrolls labelled WEIFEOCOOFF.
  1636 | D:2      | 1636 ||| DRINKING 2 green potions.
  1637 | D:2      | 1637 ||| DROPPING scroll of poison.
  1649 | D:3      | Noticed Jessica
  1657 | D:3      | Killed Jessica
  1658 | D:3      | Reached XP level 5. HP: 28/32 MP: 5/5
  1674 | D:3      | Found an iron altar of Okawaru.
  1676 | D:3      | 1676 ||| PLANNING OKAWARU WORSHIP
  1706 | D:3      | Found a hide-covered altar of Uskayaw.
  1821 | D:3      | 1821 ||| Stepping ~*~*~tactically~*~*~ (stealth).
  1919 | D:3      | 1919 ||| Stepping ~*~*~tactically~*~*~ (stealth).
  2145 | D:3      | Found a faded altar of an unknown god.
  2303 | D:3      | 2303 ||| Stepping ~*~*~tactically~*~*~ (stealth).
  2323 | D:3      | 2323 ||| Stepping ~*~*~tactically~*~*~ (stealth).
  2372 | D:3      | 2372 ||| DROPPING +0 mace.
  2444 | D:3      | Reached skill level 5 in Axes
  2721 | D:3      | 2721 ||| UPGRADING to +0 plate armour.
  2731 | D:3      | 2731 ||| DROPPING +0 chain mail.
  2732 | D:3      | 2732 ||| UPGRADING to +6 ring of strength.
  2733 | D:3      | 2733 ||| READING scroll labelled FEKKOUCIMA.
  2734 | D:3      | 2734 ||| READING scroll labelled HEXTEI ODEOCISK.
  2835 | D:3      | 2835 ||| DRINKING 2 glowing orange potions.
  2836 | D:3      | 2836 ||| DROPPING potion of brilliance.
  2837 | D:3      | 2837 ||| PLANNING D:1-11
  2884 | D:4      | Found a staircase to the Ecumenical Temple.
  2885 | D:4      | 2885 ||| PLANNING TEMPLE
  2899 | Temple   | Entered the Ecumenical Temple
  2900 | Temple   | 2900 ||| PLANNING D:1-11
  2912 | D:4      | 2912 ||| Stepping ~*~*~tactically~*~*~ (stealth).
  2932 | D:4      | 2932 ||| Stepping ~*~*~tactically~*~*~ (stealth).
  2939 | D:4      | Reached XP level 6. HP: 33/38 MP: 6/6
  2968 | D:4      | Noticed Menkaure
  2979 | D:4      | Killed Menkaure
  3101 | D:4      | 3101 ||| READING scroll of brand weapon.
  3101 | D:4      | 3101 ||| BRANDING +0 war axe of draining.
  3147 | D:4      | 3147 ||| Stepping ~*~*~tactically~*~*~ (hiding).
  3149 | D:4      | 3149 ||| Stepping ~*~*~tactically~*~*~ (hiding).
  3150 | D:4      | 3150 ||| Stepping ~*~*~tactically~*~*~ (hiding).
  3151 | D:4      | 3151 ||| Stepping ~*~*~tactically~*~*~ (hiding).
  3153 | D:4      | 3153 ||| Stepping ~*~*~tactically~*~*~ (hiding).
  3154 | D:4      | 3154 ||| Stepping ~*~*~tactically~*~*~ (hiding).
  3155 | D:4      | 3155 ||| Stepping ~*~*~tactically~*~*~ (hiding).
  3179 | D:4      | 3179 ||| Stepping ~*~*~tactically~*~*~ (stealth).
  3181 | D:4      | 3181 ||| Stepping ~*~*~tactically~*~*~ (stealth).
  3213 | D:4      | Identified the +5 chain mail "Ypustriv" {Str+3 Stlth+}
  3261 | D:4      | Reached skill level 6 in Axes
  3443 | D:4      | Reached skill level 1 in Dodging
  3443 | D:4      | Reached XP level 7. HP: 41/43 MP: 7/7
  3504 | D:4      | 3504 ||| UPGRADING to +5 chain mail "Ypustriv" {Str+3
                  | Stlth+}.
  3514 | D:4      | 3514 ||| DROPPING +0 plate armour.
  3515 | D:4      | 3515 ||| READING 2 scrolls labelled LOEVERPH FANI.
  3516 | D:4      | 3516 ||| READING scroll of enchant weapon.
  3516 | D:4      | 3516 ||| ENCHANTING +1 war axe of freezing.
  3517 | D:4      | 3517 ||| READING scroll labelled UTHEWU QIBLEU.
  3518 | D:4      | 3518 ||| DRINKING 2 puce potions.
  3545 | D:5      | Entered Level 5 of the Dungeon
  3556 | D:5      | 3556 ||| FLEEEEING.
  3557 | D:5      | 3557 ||| DRINKING potion of curing.
  3557 | D:5      | 3557 ||| (to cure confusion)
  3883 | D:5      | Found a runed translucent door.
  3887 | D:5      | Noticed qw's ghost (novice GrFi)
  3956 | D:5      | Reached skill level 7 in Axes
  4060 | D:5      | Reached XP level 8. HP: 36/48 MP: 8/8
  4256 | D:5      | HP: 8/49 [gnoll/+0 halberd[a gnoll bouda] (7)]
  4257 | D:5      | 4257 ||| READING scroll of teleportation.
  4258 | D:5      | 4258 ||| DRINKING 2 potions of heal wounds.
  4370 | D:5      | 4370 ||| Stepping ~*~*~tactically~*~*~ (stealth).
  4390 | D:5      | 4390 ||| Stepping ~*~*~tactically~*~*~ (hiding).
  4391 | D:5      | 4391 ||| Stepping ~*~*~tactically~*~*~ (hiding).
  4392 | D:5      | 4392 ||| Stepping ~*~*~tactically~*~*~ (hiding).
  4399 | D:5      | HP: 11/49 [gnoll sergeant/+2 spear of distortion (6)]
  4400 | D:5      | 4400 ||| DRINKING potion of heal wounds.
  4403 | D:5      | Slain by a gnoll sergeant

Levels and vault maps discovered:
D:1:      lightli_arrival_isolated_outpost, layout_basic
D:2:      layout_loops_ring, serial_glass, glass_columns_a, glass_columns_a,
          serial_shops, shop_statue
D:3:      layout_basic, general_overflow_altar, nicolae_uskayaw_suspiria,
          serial_rivers, chequers_serial_rivers_micro_e,
          chequers_serial_rivers_small_a, chequers_serial_rivers_large_b,
          chequers_serial_rivers_room_a, chequers_serial_rivers_marsh,
          chequers_serial_rivers_micro_a,
          hellmonk_ecumenical_altar_inner_sanctum, hangedman_decor_lopped,
          uniq_jessica
D:4:      layout_rooms, minmay_temple_entry_offerings, uniq_menkaure
D:5:      layout_loops_corners, led_sif_pool, ebering_ghost_sewer_d,
          nicolae_nh_ransacked_shop
Temple:   nicolae_temple_no_exploring_needed

Skill      XL: |  1  2  3  4  5  6  7  8 |
---------------+-------------------------+-----
Axes           | 2 3 4 5 6 7 |  7.7
Fighting       | 4 5 |  5.2
Dodging        | 1 |  1.7
Armour         | |  3.2
Shields        | |  3.2

Action                     |  1- 3 |  4- 6 |  7- 9 || total
---------------------------+-------+-------+-------++-------
  Melee: War axe           |   102 |   192 |    91 ||   385
    Use: Scroll            |     3 |     7 |     4 ||    14
         Potion            |     1 |     2 |     4 ||     7
 Armour: Scale mail        |    33 |       |       ||    33
         Chain mail        |    16 |    57 |    85 ||   158
         Plate armour      |       |    25 |       ||    25
  Dodge: Dodged            |    40 |    69 |    63 ||   172
  Block: Buckler           |    25 |    30 |    19 ||    74

Table legend:
 A = Non-vault XP
 B = Vault XP
 C = Vault XP percentage of total XP
 D = Non-vault monster count
 E = Vault monster count
 F = Vault count percentage of total count
                 A         B        C        D         E       F
            +---------+---------+-------+---------+---------+-------
      Total |    1182 |     294 |  19.9 |     123 |       7 |   5.4
            +---------+---------+-------+---------+---------+-------
        D:1 |      44 |       0 |   0.0 |      28 |       0 |   0.0
        D:2 |      90 |       0 |   0.0 |      31 |       0 |   0.0
        D:3 |      69 |      37 |  34.9 |      23 |       1 |   4.2
        D:4 |     228 |     169 |  42.6 |      18 |       1 |   5.3
        D:5 |     751 |      88 |  10.5 |      23 |       5 |  17.9
            +---------+---------+-------+---------+---------+-------
